 Dungeon Crawl Stone Soup version 0.30-a0-29-g142975f185 (webtiles) character file.

Game seed: 4468364251720900528

882 Setbun the Magician (level 7, 46/46 HPs)
             Began as a Mummy Necromancer on Aug 27, 2022.
             Quit the game on level 5 of the Dungeon.
             The game lasted 00:15:58 (7001 turns).

Setbun the Magician (Mummy Necromancer)             Turns: 7001, Time: 00:15:59

Health: 46/46      AC:  3    Str: 11    XL:     7   Next: 76%
Magic:  18/18      EV: 10    Int: 23    God:
Gold:   286        SH:  8    Dex: 12    Spells: 13/21 levels left

rFire   x . .      SeeInvis .    (no weapon)
rCold   + . .      Faith    .    c - +2 kite shield
rNeg    + + +      Spirit   .    a - +0 robe
rPois   ∞          Reflect  .    (no helmet)
rElec   .          Harm     .    i - +0 cloak
rCorr   .          Rampage  .    (no gloves)
Will    .....                    (no boots)
Stlth   ++........               e - amulet of magic regeneration
HPRegen 0.15/turn                j - +6 ring of intelligence
MPRegen 0.56/turn                q - ring of wizardry

@: no status effects
A: cold resistance 1, negative energy resistance 3, torment resistance 2, heat
vulnerability 1, in touch with death 1, no potions
a: no special abilities


You were on level 5 of the Dungeon.
You visited 1 branch of the dungeon, and saw 6 of its levels.

You collected 286 gold pieces.

Inventory:

Armour
 a - a +0 robe (worn)
 c - a +2 kite shield (worn)
 i - a +0 cloak (worn)
Magical Staves
 o - a staff of air
Jewellery
 e - an amulet of magic regeneration (around neck)
 h - an amulet of regeneration
 j - a +6 ring of intelligence (left hand)
 q - a ring of wizardry (right hand)
Wands
 d - a wand of mindburst (36)
Scrolls
 b - a scroll of teleportation
 f - a scroll of torment
 g - 2 scrolls of enchant weapon
 k - a scroll of fear {unknown}
 l - a scroll of magic mapping
 m - 3 scrolls of identify
 r - a scroll of blinking


   Skills:
 - Level 0.1 Fighting
 - Level 1.7 Dodging
 - Level 1.9 Stealth
 - Level 0.9 Unarmed Combat
 + Level 7.7 Spellcasting
 * Level 2.1 Conjurations
 - Level 6.5 Necromancy


You had 13 spell levels left.
You knew the following spells:

 Your Spells              Type           Power      Damage    Failure   Level
a - Necrotise             Necr           100%       1d9       1%          1
b - Blink                 Tloc           16%        N/A       16%         2
c - Magic Dart            Conj           72%        1d6       4%          1
d - Animate Dead          Necr           56%        N/A       7%          4

Your spell library contained the following spells:

 Spells                   Type           Power      Damage    Failure   Level
 Vampiric Draining        Necr           56%        2d10      2%          3
 Agony                    Necr           56%        N/A       19%         5
 Flame Wave               Conj/Fire      13%        2d6       52%         4
 Fulminant Prism          Conj/Hex       6%         3d7       52%         4
 Iskenderun's Mystic Bla  Conj/Tloc      13%        2d5       52%         4
 Animate Armour           Summ/Erth      16%        N/A       67%         4
 Leda's Liquefaction      Hex/Erth       4%         N/A       67%         4
 Iskenderun's Battlesphe  Conj           18%        2d7       71%         5
 Manifold Assault         Tloc           8%         N/A       94%         5
 Iron Shot                Conj/Erth      6%         9d2       100%        6
 Starburst                Conj/Fire      6%         6d4       100%        6
 Malign Gateway           Summ/Tloc      4%         N/A       100%        7
 Storm Form               Tmut/Air       Unusable   N/A       N/A         7

Dungeon Overview and Level Annotations

Branches:
Dungeon (6/15)
 Temple: D:4-7

Altars:
Xom

Annotations:
D:3 Grinder
D:4 1 runed translucent door, Pooter's ghost, amateur MiFi


Innate Abilities, Weirdness & Mutations

You are immune to poison.
Your flesh is cold resistant. (rC+)
You are immune to negative energy. (rN+++)
You are immune to unholy pain and torment.
You are vulnerable to heat. (rF-)
You are in touch with the powers of death.
You do not drink.


Message History

The magic dart hits the hound.
You kill the hound!
Your magical contamination has completely faded away.
Magic restored.
HP restored.
You see here a hound corpse.
You now have 286 gold pieces (gained 19).
A steam dragon comes into view.
The steam dragon hisses angrily.
A steam dragon is nearby!
A steam dragon is nearby!
The steam dragon breathes steam at you. The ball of steam hits you!!
The steam scalds you terribly!
Ouch! That really hurt!
You see here a hound corpse.
There is a stone staircase leading up here.
You climb upwards.
There is a stone staircase leading down here.
You start resting.
HP restored.
There is an open door here.
You see here a +0 mace.
You see here a +0 mace.
There is a stone staircase leading down here.
You climb downwards.
The orc shouts!
The orc priest shouts!
Found a sling.
Found a stone staircase leading down.
There is a stone staircase leading up here.
Casting: Magic Dart (safe; 4% risk of failure)
Confirm with . or Enter, or press ? or * to list all spells.
Okay, then.
The orc wizard mumbles some strange words.
The orc wizard flickers and vanishes!
Deactivating autopickup; reactivate with Ctrl-A.
You climb upwards.
Reactivating autopickup.
There is a stone staircase leading down here.
There are no items here.
Okay, then.
Are you sure you want to abandon this character and quit the game? (Confirm with "yes".)

#..........# #......#
##..........# #......#
............# #......#
.....#################......#####
.....# #...........###........
.....# #...........##........#
.....# #......!....##.######.#
.....# #...........##.#....#.#
.....# #.....@....!##.#.##.#.#
.....# #....[.........#.#..#.#
.....# #...........####.#..#.#
.....# #####......## #.#..#.#
###### #......#####.#..#.#
#............####'#
#####......##..........
#).........##.#####....
#..........##.# #....


There were no monsters in sight!

Vanquished Creatures
  A black bear (D:4)
  2 ogres
  A necrophage (D:5)
  2 scorpions
  3 hounds
  2 orc priests (D:4)
  An orc wizard (D:4)
  11 gnolls
  8 adders
  2 worms
  8 orcs
  4 ball pythons
  8 endoplasms
  3 giant cockroaches
  5 goblins
  6 hobgoblins
  7 jackals
  11 kobolds
  4 quokkas
  2 bats
  4 frilled lizards
  6 rats
101 creatures vanquished.

Vanquished Creatures (collateral kills)
  2 dart slugs
  2 endoplasms (D:1)
  A jackal (D:2)
  A frilled lizard (D:2)
6 creatures vanquished.

Vanquished Creatures (others)
  A plant (D:3)
1 creature vanquished.

Grand Total: 108 creatures vanquished

Notes
Turn   | Place    | Note
-------+----------+-------------------------------------------
     0 | D:1      | Setbun the Mummy Necromancer began the quest for the Orb.
     0 | D:1      | Reached XP level 1. HP: 13/13 MP: 4/4
   502 | D:1      | Reached XP level 2. HP: 19/19 MP: 0/5
   857 | D:1      | Reached skill level 3 in Spellcasting
   997 | D:1      | Gained mutation: You are in touch with the powers of death.
                  | [Mummy growth]
   997 | D:1      | Reached XP level 3. HP: 24/24 MP: 2/7
  1711 | D:2      | Reached XP level 4. HP: 30/30 MP: 5/9
  1745 | D:2      | Noticed an ogre
  1753 | D:2      | Killed an ogre
  1754 | D:2      | Reached skill level 4 in Spellcasting
  1754 | D:2      | Reached skill level 5 in Necromancy
  1754 | D:2      | Reached XP level 5. HP: 35/35 MP: 3/11
  2132 | D:2      | Identified the +0 pair of boots of the Cricket {rPois
                  | Dex+6}
  2182 | D:2      | Found a faded altar of an unknown god.
  2400 | D:3      | Found a shimmering altar of Xom.
  3086 | D:4      | Reached skill level 5 in Spellcasting
  3180 | D:4      | Reached XP level 6. HP: 41/41 MP: 8/14
  3312 | D:4      | Found a runed translucent door.
  3318 | D:4      | Noticed Pooter's ghost (amateur MiFi)
  3330 | D:4      | Noticed Grinder
  3352 | D:4      | Paralysed by Grinder for 3 turns
  3357 | D:3      | Paralysed by Grinder for 5 turns
  4047 | D:4      | Identified 2 scrolls of acquirement
  4050 | D:4      | Acquired the Vellum of Excruciating Elsewhere
  4052 | D:4      | Acquired Vessemet's Compilation of Conflict and Terrain
  4175 | D:4      | Reached skill level 6 in Spellcasting
  4543 | D:5      | Entered Level 5 of the Dungeon
  4978 | D:4      | Learned a level 2 spell: Blink
  4980 | D:4      | Learned a level 1 spell: Magic Dart
  5102 | D:4      | Reached XP level 7. HP: 31/46 MP: 11/16
  5950 | D:4      | Learned a level 4 spell: Animate Dead
  5973 | D:5      | Reached skill level 1 in Conjurations
  6018 | D:5      | Reached skill level 7 in Spellcasting
  6754 | D:6      | Noticed a steam dragon
  7001 | D:5      | Quit the game

Illustrated notes

Levels and vault maps discovered:
D:1:      dpeg_arrival_castle, layout_loops_ring, minmay_tromino_i2
D:2:      minmay_recursive_quarters, layout_rooms,
          hellmonk_ecumenical_altar_dog_temple, hangedman_decor_clover_reticule,
          minmay_close_crescents
D:3:      layout_rooms, mainiacjoe_overflow_concentric_impassable,
          serial_forest, infiniplex_forest_end_1, infiniplex_forest_lined_3,
          infiniplex_forest_lined_room_2, infiniplex_forest_clump_double,
          infiniplex_forest_zigzag_2, infiniplex_forest_clump_long,
          infiniplex_forest_clump_double, infiniplex_forest_lined_2
D:4:      layout_loops_ring, ebering_ghost_sewer_d, minmay_door_square,
          hangedman_abyss_or_decor_stagger, uniq_grinder
D:5:      layout_basic
D:6:      layout_loops_ring, minmay_temple_entry_nine_rooms, uniq_sigmund,
          uniq_edmund, uniq_crazy_yiuf_cottage

Skill      XL: |  1  2  3  4  5  6  7 |
---------------+----------------------+-----
Spellcasting   | 3 4 5 6 7 |  7.7
Necromancy     | 5 6 |  6.5
Conjurations   | 2 |  2.1
Fighting       | |  0.1
Dodging        | |  1.7
Stealth        | |  1.9
Unarmed Combat | |  0.9

Action                   |  1- 3 |  4- 6 |  7- 9 || total
-------------------------+-------+-------+-------++-------
Melee: Unarmed           |    46 |       |       ||    46
 Cast: Necrotise         |    52 |   116 |    12 ||   180
       Magic Dart        |       |     3 |   100 ||   103
       Blink             |       |     1 |       ||     1
       Animate Dead      |       |       |     1 ||     1
  Use: Scroll            |       |    11 |       ||    11
Armor: Robe              |     7 |    11 |     5 ||    23
Dodge: Dodged            |    34 |    18 |    16 ||    68
Block: Kite shield       |       |    13 |    18 ||    31

Table legend: (Time is in decaauts)
 A = Elapsed time spent in this place.
 B = Non-inter-level travel time spent in this place.
 C = Inter-level travel time spent in this place.
 D = Time resting spent in this place.
 E = Time spent auto-exploring this place.
 F = Levels seen in this place.
 G = Mean time per level.
                   A        B        C        D        E       F      G
               +--------+--------+--------+--------+--------+-----+--------+
         Total |   7016 |   6552 |    464 |   1891 |   3683 |   6 | 1169.3 |
       Dungeon |   7016 |   6552 |    464 |   1891 |   3683 |   6 | 1169.3 |
               +--------+--------+--------+--------+--------+-----+--------+

Top non-repeatable levels by time:
     D:4: 2610 daAuts
     D:1: 1413 daAuts
     D:5: 1140 daAuts
     D:2: 988 daAuts
     D:3: 790 daAuts
     D:6: 73 daAuts
